← All builds
Beach sea / Armada / Economy first / OBSERVED BUILD

Standard beach sea

Armada Beach sea build order · Supreme Isthmus

Economy-first sea play: shipyard right away, a destroyer by around 5 minutes, then an Advanced Metal Extractor as the eco scales up, with later ships like corvette, frigate and submarine filling out the fleet; this is the role's baseline…

Usually shipyard first (93%)

#naval #eco · 884 distinct matches · 149 players · 72% of Armada Beach sea games · team won 50% of 952 · Recently observed

HOW TO PLAY IT

Key timing: Shipyard by 1:40, first destroyer by 4:52

  1. Open 3 mex into tidal generators for early energy.
  2. Rush Shipyard straight from the opening eco.
  3. Keep adding mex and naval energy converters to fund the fleet.
  4. Get your first destroyer out to contest the sea.
  5. Transition into Advanced Metal Extractor as eco scales.

Phase by phase

TYPICAL OF ITS 884 GAMES · AGAINST STANDARD BEACH SEA
  1. 1
  2. 2
  3. 3
PLAY THE OPENING

Follow the example game's first 6:00 step by step: what to build now, what comes next, and where it goes. At 1× it keeps pace with your own game.

  1. 1

    Up to the Shipyard

    Economy
    • Metal Extractor3Mex
    • Wind Turbine2Windfor allies+2 vs standard
    • Wind Turbine1Wind−4 vs standard
    Order
    1. ShipyardShipyard after 3 mex, 1 winddone ~1:44, middle half 1:27–2:01

    Some games also: tidal (38%) · energy storage (35%)

    By 1:27 in all: 3 mex · 1 wind (standard 5)

    The example game in this phase · 4 steps
    1. Mex ×3
    2. Wind ×4for Air
    3. Energy storage
    4. ShipyardShipyarddone 1:48 · typical 1:44
  2. 2

    Shipyard to 5:00

    Economy
    • Metal Extractor5Mex
    • Wind Turbine2Wind−3 vs standard
    • Tidal Generator2Tidal+2 vs standard
    Builders
    • Construction Ship2 Con ship +2 vs standard
    Army
    • Dolphin3 Dolphin +3 vs standard
    • Skater2 Skater +2 vs standard
    • Corsair1 Destroyer
    Other
    • Naval Radar / Sonar Tower1 Naval Radar / Sonar Tower

    Some games also: Harpoon (43%) · con turret (35%) · frigate (33%) · submarine (33%) · Sentry (31%)

    The standard build makes here, this one skips: 3 con hovercraft · 7 seeker

    By 5:00 in all: 8 mex · 4 wind (standard 10) · 3 tidal (standard 0)

    The example game in this phase · 17 steps
    1. Tidal ×3
    2. Construction ShipCon ship ×2
    3. Mex
    4. SkaterSkater
    5. Mex
    6. SkaterSkater
    7. DolphinDolphin
    8. Con turret
    9. DolphinDolphin ×2
    10. Mex ×2
    11. DolphinDolphin ×2
    12. Mex
    13. EelSubmarinedone 4:42
    14. Mex
    15. Naval Radar / Sonar TowerNaval Radar / Sonar Tower
    16. DolphinDolphin ×2
    17. Mex
  3. 3

    5:00 to 10:00

    Economy
    • Metal Extractor1Mex−2 vs standard
    • Wind Turbine11Wind
    Builders
    • Naval Construction Turret1 Naval Construction Turret
    • Grim Reaper1 Grim Reaper
    Army
    • Sentry1 Sentry
    • Harpoon1 Harpoon
    • Dolphin3 Dolphin
    • Corsair2 Destroyer
    • Skater2 Skater
    Other
    • Naval Radar / Sonar Tower1 Naval Radar / Sonar Tower

    Some games also: con ship (48%) · frigate (46%) · Radar Tower (42%) · tidal (40%) · con turret (39%)

    By 10:00 in all: 10 mex · 16 wind (standard 23) · 4 tidal (standard 0) · 1 energy storage · 1 con turret · 1 Naval Construction Turret

    The example game in this phase · 82 steps
    1. DolphinDolphin
    2. SentrySentry
    3. DolphinDolphin ×2
    4. EelSubmarine
    5. AnemoneAnemone
    6. EelSubmarine
    7. DolphinDolphin ×4
    8. SentrySentry
    9. DolphinDolphin
    10. SentrySentry
    11. EelSubmarine ×2
    12. Con turret
    13. HarpoonHarpoon
    14. Construction ShipCon ship
    15. HarpoonHarpoon
    16. DolphinDolphin ×3
    17. Wind
    18. HarpoonHarpoon
    19. DolphinDolphin
    20. Wind
    21. HarpoonHarpoon
    22. Wind
    23. DolphinDolphin
    24. SentrySentry
    25. Wind
    26. EelSubmarine
    27. Wind
    28. Naval Construction Turret
    29. Wind
    30. SentrySentry
    31. Wind
    32. SentrySentry
    33. HarpoonHarpoon
    34. Tidal
    35. Wind
    36. SentrySentry
    37. Tidal
    38. Wind
    39. Tidal
    40. Wind
    41. Shark's TeethShark's Teeth
    42. Wind
    43. Shark's TeethShark's Teeth ×3
    44. Wind
    45. Shark's TeethShark's Teeth ×3
    46. Wind
    47. Shark's TeethShark's Teeth ×3
    48. Wind
    49. Shark's TeethShark's Teeth
    50. Wind
    51. Shark's TeethShark's Teeth
    52. Advanced Metal ExtractorT2 mexdone 10:49 · typical 10:04
    53. Shark's TeethShark's Teeth ×2
    54. Wind
    55. Shark's TeethShark's Teeth
    56. NettleNettle
    57. Shark's TeethShark's Teeth ×7
    58. Advanced ShipyardAdvanced Shipyarddone 11:43
    59. Mex
    60. Con turret
    61. ShipyardEat Shipyardreclaimed for its metal
    62. Advanced Metal ExtractorT2 mex ×2
    63. Advanced Construction SubAdvanced Construction Sub
    64. Advanced Metal ExtractorT2 mex
    65. VoyagerVoyager
    66. Wind
    67. Advanced Construction SubAdvanced Construction Sub
    68. Wind ×3
    69. VoyagerVoyager
    70. Wind
    71. VoyagerVoyager
    72. Wind
    73. PaladinCruiserdone 13:23
    74. Advanced Metal ExtractorT2 mex
    75. Naval Advanced Metal ExtractorNaval Advanced Metal Extractordone 13:16
    76. PaladinCruiser
    77. Naval Advanced Metal ExtractorNaval Advanced Metal Extractor
    78. PaladinCruiser
    79. Naval Advanced Metal ExtractorNaval Advanced Metal Extractor
    80. Wind ×3
    81. DreadnoughtBattleshipnot finished by 15:00
    82. Wind ×3

Counts are medians over the build's games: half of them build more, half fewer. The example game is Spreukenindekeuken's (37 OS, 13/10/2026); pick another.

Team trades

IN AT LEAST 30% OF ITS GAMES

You hand over

  • Wind Turbine3 Wind to Airfirst at 1:42 · in 79% of games

You get

  • Finch1 Finch from Airfirst at 1:58 · in 78% of games
  • Lazarus1 Lazarus from Geofirst at 2:12 · in 53% of games
  • Hephaestus1 Heavy transport from Airfirst at 2:16 · in 63% of games
  • Hercules1 Light transport from Airfirst at 2:19 · in 39% of games
  • Construction Bot1 Con bot from Geofirst at 2:27 · in 69% of games
  • Advanced Construction Bot1 T2 con bot from Techfirst at 8:11 · in 88% of games

How it plays out

Typical game of this build, running totals by minute

Metal produced

010k20k30k
0:005:0010:0015:00

metal

Enemy metal destroyed

02.5k5k7.5k
0:005:0010:0015:00

metal

Own metal lost

02.5k5k7.5k
0:005:0010:0015:00

metal

952 games.

Show as table
ByMetal produced: This buildEnemy metal destroyed: This buildOwn metal lost: This build
1:0040400
2:0093800
3:00158000
4:0025205151
5:003703240150
6:005100563353
7:0065861096686
8:00815116621136
9:00977024311809
10:001162133352565
11:001368342663340
12:001604450794130
13:001847658614941
14:002125265425913
15:002391173996700
WHAT THE NUMBERS SAY

This baseline wins less than half its games, trading sea kills for losses at a similar rate to the enemy through 15 minutes.

  • + Metal production outpaces enemy destruction early, 3733 vs 255 at 5:00.
  • + Kills and losses track closely by 15:00 (8342 vs 6711), an even fight.
  • − Team wins under half of games (47%).
  • − T2 factory reached in only 34% of games, the lowest tech rate among sea roles.
THE EXAMPLE YOU ARE READING

Spreukenindekeuken

36.5 OS · 13/10/2026

Open source match ↗

11 received units · includes a constructor
148 metal received · 72210 energy received

Allied construction assistance is unknown. Timings are observations, not a promise of solo reproducibility.

Typical milestones

Shipyard1:44Middle 50%: 1:27–2:01 · n=948
Corsair4:59Middle 50%: 4:20–5:56 · n=899
Advanced Metal Extractor10:04Middle 50%: 9:13–10:57 · n=799

Played most by

yeskinkot68games of this buildHummell61games of this buildTheSituation47games of this buildBlover37games of this buildTheGeneraI36games of this build